cohdb
Replays
Latest Replays
All Replays
Popular Replays
Top Player Replays
Match Explorer
How It Works
Community
CoH3 Stats
Reddit
Sign in to upload your games and track your stats! →
Sign in with Steam
Match 44287011
Unlisted
Match 44287011
Overview
Messages
Build Orders
End
Panzergrenadier Squad
Selects Armored Support Battlegroup
250 Light Carrier
Panzergrenadier Squad
Construct Light Support Kompanie
Panzerjäger Squad
Selects Veteran Gunners
2.5-tonne Medical Truck
Fire Support Elements
Panzerjäger Squad
Construct Mechanized Kompanie
Panzerpioneer Squad
8 Rad Armored Car
18-tonne Recovery Half-track
Selects Flammpanzer III Medium Tank
Vehicle Survival Package
Tungsten Core Ammunition
Selects Salvage Kits
Selects Vehicle Awareness
Construct Panzerarmee Kommand
Marder III Tank Destroyer
Marder III Tank Destroyer
Selects Command Panzer IV F Medium Tank
Selects Battlefield Salvage
Armored Reserves
Veteran Squad Leaders
Selects Panzer Storm
Selects Stuka Anti-tank Loiter
mocik
Akage
matjouz
Sarmynation
0
0
Comments
sign in to comment!
No comments posted yet!